 Dungeon Crawl Stone Soup version 0.31-a0-771-g505c3d1 (webtiles) character file.

Game seed: 4931020781260711352

200 BarneyGumball the Basher (level 5, 0/38 HPs)
             Began as a Gnoll Wanderer on Sept 16, 2023.
             Slain by an orc priest
             ... wielding a +0 heavy morningstar
              (3 damage)
             ... on level 3 of the Dungeon.
             The game lasted 00:06:01 (2596 turns).

BarneyGumball the Basher (Gnoll Wanderer)           Turns: 2596, Time: 00:06:01

Health: 0/38       AC:  3    Str: 13    XL:     5   Next: 79%
Magic:  14/14      EV: 11    Int: 13    God:
Gold:   185        SH:  0    Dex: 10    Spells: 18/18 levels left

rFire   . . .        a - +0 flail
rCold   . . .        (no shield)
rNeg    . . .        m - +0 leather armour
rPois   .            (no helmet)
rElec   .            (no cloak)
rCorr   .            (no gloves)
SInv    .            (no boots)
Will    .....        (no amulet)
Stlth   ++           (no ring)
HPRegen 0.26/turn    (no ring)
MPRegen 0.14/turn

%: no passive effects
@: no status effects
A: fangs 1, strong nose, distributed training
a: no special abilities


You were on level 3 of the Dungeon.
You visited 1 branch of the dungeon, and saw 3 of its levels.

You collected 185 gold pieces.

Inventory:

Hand Weapons
 a - a +0 flail (weapon)
 b - a +2 falchion of holy wrath
Armour
 d - a +0 robe
 e - a +2 kite shield
 m - a +0 leather armour (worn)
Wands
 o - a wand of flame (2)
Scrolls
 c - a scroll of silence
 g - 2 scrolls of identify {unknown}
 h - a scroll of torment {unknown}
Potions
 f - 2 potions of magic {unknown}
 i - a potion of enlightenment {unknown}
 j - a potion of degeneration {unknown}
 l - a potion of curing {unknown}
 n - a potion of attraction {unknown}
 p - 2 potions of resistance {unknown}


   Skills:
 + Level 1.6 Fighting
 + Level 1.6 Short Blades
 + Level 1.6 Long Blades
 + Level 1.6 Axes
 + Level 8.7 Maces & Flails
 + Level 1.6 Polearms
 + Level 1.6 Staves
 + Level 1.6 Ranged Weapons
 + Level 1.6 Throwing
 + Level 1.6 Armour
 + Level 1.6 Dodging
 + Level 2.9 Stealth
 + Level 1.6 Shields
 + Level 1.6 Unarmed Combat
 + Level 7.3 Spellcasting
 + Level 1.3 Conjurations
 + Level 1.3 Hexes
 + Level 1.3 Summonings
 + Level 1.3 Necromancy
 + Level 1.3 Translocations
 + Level 1.3 Transmutations
 + Level 1.3 Fire Magic
 + Level 1.3 Ice Magic
 + Level 1.3 Air Magic
 + Level 1.3 Earth Magic
 + Level 1.3 Poison Magic
 + Level 1.9 Invocations
 + Level 4.8 Evocations
 + Level 1.5 Shapeshifting


You had 18 spell levels left.
You didn't know any spells.
Your spell library contained the following spells:

 Spells                   Type           Power      Damage    Failure   Level
 Cigotuvi's Dreadful Rot  Necr/Pois/Air  16%        N/A       16%         2
 Poisonous Vapours        Pois/Air       16%        N/A       16%         2


Dungeon Overview and Level Annotations

Branches:
Dungeon (3/15)

Altars:


Innate Abilities, Weirdness & Mutations

You have very sharp teeth.
Your uncanny sense of smell can sniff out nearby items.
Your experience applies equally to all skills.


Message History

The javelin pierces through the orc!
You kill the orc!
An orc priest comes into view. It is wielding a +0 mace.
Okay, then.
A rat comes into view.
The orc priest hits you but does no damage.
You barely miss the orc priest.
The orc priest is moderately wounded.
You hit the orc priest. Your bite misses the orc priest.
The orc priest is moderately wounded.
The orc priest miscasts a cantrip.
The orc priest hits you but does no damage.
You hit the orc priest.
The orc priest is severely wounded.
The orc priest calls down the wrath of Beogh upon you.
Pain shoots through your body! The orc priest closely misses you.
You closely miss the orc priest.
The orc priest is severely wounded.
The orc priest looks satisfied for a moment.
You closely miss the orc priest.
The orc priest is severely wounded.
The orc priest hits you with a +0 heavy morningstar!!
Ouch! That really hurt!
* * * LOW HITPOINT WARNING * * *
The orc priest hits you with a +0 dagger.
* * * LOW HITPOINT WARNING * * *
You barely miss the orc priest.
You bite the orc priest, but do no damage.
The orc priest is severely wounded.
The orc priest invokes the aid of Beogh against you.
Pain shoots through your body!
* * * LOW HITPOINT WARNING * * *
The orc priest closely misses you.
You hit the orc priest.
The orc priest is severely wounded.
The orc priest misses you.
You hit the orc priest but do no damage.
The orc priest is severely wounded.
The orc priest hits you with a +0 heavy morningstar.
You die...

#r# .... #.# ... ∆
#.# #.# #.#
##o###########
#.###o.#..........
##.##..##.#########
#.......#.#
#.#.o##.#.#.#
#.#o@##.#.#.#
#.#..##.#.#.#
#.#.....#.#.#
#.#..####.#.#
#....####.#.#
###.#.......#.#
.###...#.###.....###
#.....>...........+.#
#########.##.)....#.#


You could see 2 orc priests.

Vanquished Creatures
  An orc priest (D:3)
  Natasha (twice) (D:2)
  2 orc wizards (D:3)
  An adder (D:2)
  A dart slug (D:1)
  5 orcs (D:3)
  4 ball pythons
  4 bats
  4 endoplasms
  3 giant cockroaches
  2 goblins
  4 hobgoblins
  4 jackals (D:1)
  5 quokkas
  3 frilled lizards
  6 kobolds
  2 rats (D:1)
53 creatures vanquished.

Notes
Turn   | Place    | Note
-------+----------+-------------------------------------------
     0 | D:1      | BarneyGumball the Gnoll Wanderer began the quest for the
                  | Orb.
     0 | D:1      | BarneyGumball set off with the following items: a +0 flail,
                  | a wand of flame (6), a scroll of silence, a +0 robe; and
                  | the following spells available to memorise: Cigotuvi's
                  | Dreadful Rot, Poisonous Vapours.
     0 | D:1      | Reached XP level 1. HP: 13/13 MP: 8/8
   222 | D:1      | Reached XP level 2. HP: 14/19 MP: 10/10
   349 | D:1      | Reached XP level 3. HP: 17/25 MP: 11/11
  1083 | D:2      | Noticed Natasha
  1086 | D:2      | Killed Natasha
  1087 | D:2      | Reached skill level 1 in Fighting
  1087 | D:2      | Reached skill level 1 in Short Blades
  1087 | D:2      | Reached skill level 1 in Long Blades
  1087 | D:2      | Reached skill level 1 in Axes
  1087 | D:2      | Reached skill level 1 in Polearms
  1087 | D:2      | Reached skill level 1 in Staves
  1087 | D:2      | Reached skill level 1 in Ranged Weapons
  1087 | D:2      | Reached skill level 1 in Throwing
  1087 | D:2      | Reached skill level 1 in Armour
  1087 | D:2      | Reached skill level 1 in Dodging
  1087 | D:2      | Reached skill level 1 in Shields
  1087 | D:2      | Reached skill level 1 in Unarmed Combat
  1087 | D:2      | Reached skill level 1 in Invocations
  1087 | D:2      | Reached XP level 4. HP: 32/32 MP: 13/13
  1115 | D:2      | Reached skill level 1 in Shapeshifting
  2072 | D:2      | Noticed Natasha
  2081 | D:2      | Killed Natasha
  2082 | D:2      | Reached skill level 1 in Conjurations
  2082 | D:2      | Reached skill level 1 in Hexes
  2082 | D:2      | Reached skill level 1 in Summonings
  2082 | D:2      | Reached skill level 1 in Necromancy
  2082 | D:2      | Reached skill level 1 in Translocations
  2082 | D:2      | Reached skill level 1 in Transmutations
  2082 | D:2      | Reached skill level 1 in Fire Magic
  2082 | D:2      | Reached skill level 1 in Ice Magic
  2082 | D:2      | Reached skill level 1 in Air Magic
  2082 | D:2      | Reached skill level 1 in Earth Magic
  2082 | D:2      | Reached skill level 1 in Poison Magic
  2243 | D:3      | Reached XP level 5. HP: 31/37 MP: 14/14
  2596 | D:3      | Slain by an orc priest

Illustrated notes

Levels and vault maps discovered:
D:1:      evilmike_arrival_plus, layout_basic, st_stairs_5, minmay_crystal_water
D:2:      wad_lake_hut, layout_basic, uniq_natasha
D:3:      layout_basic, xom_butterflies, lemuel_zombie_altar_yredelemnul,
          nicolae_ecumenical_snake_handling, gup_sewer_entry_glass,
          grunt_ministairs_6, uniq_terence

Skill      XL: |  1  2  3  4 |
---------------+-------------+-----
Fighting       | 1 |  1.6
Short Blades   | 1 |  1.6
Long Blades    | 1 |  1.6
Axes           | 1 |  1.6
Polearms       | 1 |  1.6
Staves         | 1 |  1.6
Ranged Weapons | 1 |  1.6
Throwing       | 1 |  1.6
Armour         | 1 |  1.6
Dodging        | 1 |  1.6
Shields        | 1 |  1.6
Unarmed Combat | 1 |  1.6
Invocations    | 1 |  1.9
Shapeshifting  | 1 |  1.5
Conjurations   | 1 |  1.3
Hexes          | 1 |  1.3
Summonings     | 1 |  1.3
Necromancy     | 1 |  1.3
Translocations | 1 |  1.3
Transmutations | 1 |  1.3
Fire Magic     | 1 |  1.3
Ice Magic      | 1 |  1.3
Air Magic      | 1 |  1.3
Earth Magic    | 1 |  1.3
Poison Magic   | 1 |  1.3
Maces & Flails | |  8.7
Stealth        | |  2.9
Spellcasting   | |  7.3
Evocations     | |  4.8

Action                     |  1- 3 |  4- 6 || total
---------------------------+-------+-------++-------
  Melee: Flail             |    72 |    75 ||   147
         Bite              |     5 |     9 ||    14
         Punch             |       |     1 ||     1
  Throw: Javelin           |       |     5 ||     5
  Evoke: Wand              |     4 |       ||     4
   Stab: Sleeping          |     1 |     1 ||     2
 Armour: Robe              |    33 |    20 ||    53
         Leather armour    |       |    22 ||    22
  Dodge: Dodged            |    27 |    36 ||    63
  Block: Kite shield       |    16 |       ||    16

Table legend: (Time is in decaauts)
 A = Elapsed time spent in this place.
 B = Non-inter-level travel time spent in this place.
 C = Inter-level travel time spent in this place.
 D = Time resting spent in this place.
 E = Time spent auto-exploring this place.
 F = Levels seen in this place.
 G = Mean time per level.
                   A        B        C        D        E       F      G
               +--------+--------+--------+--------+--------+-----+--------+
         Total |   2655 |   2543 |    112 |     57 |   1980 |   3 |  885.0 |
       Dungeon |   2655 |   2543 |    112 |     57 |   1980 |   3 |  885.0 |
               +--------+--------+--------+--------+--------+-----+--------+

Top non-repeatable levels by time:
     D:2: 1168 daAuts
     D:1: 1031 daAuts
     D:3: 455 daAuts
